 Dungeon Crawl Stone Soup version 0.19.5 (webtiles) character file.

20 galech the Grave Robber (level 2, 0/19 HPs)
             Began as a Mummy Necromancer on Mar 22, 2017.
             Slain by a jackal (3 damage)
             ... on level 1 of the Dungeon.
             The game lasted 00:05:10 (1324 turns).

galech the Grave Robber (Mummy Necromancer)         Turns: 1324, Time: 00:05:10

Health: 0/19       AC:  2    Str: 11    XL:     2   Next: 58%
Magic:  5/5        EV: 12    Int: 14    God:
Gold:   64         SH:  0    Dex: 12    Spells: 2 memorised, 3 levels left

rFire  x . .     SeeInvis .     (no weapon)
rCold  + . .     Gourm    .     a - +0 robe
rNeg   + + +     Faith    .     (no shield)
rPois  ∞         Spirit   .     (no helmet)
rElec  .         Reflect  .     (no cloak)
rCorr  .         Harm     .     (no gloves)
MR     .....                    (no boots)
Stlth  ++........               (no amulet)
                                (no ring)
                                (no ring)

@: no status effects
A: no food or potions, fire vulnerability, cold resistance 1, negative energy
resistance 3, torment resistance, unbreathing
a: no special abilities


You were on level 1 of the Dungeon.
You were not hungry.

You visited 1 branch of the dungeon, and saw 1 of its levels.

You collected 64 gold pieces.

Inventory:

Missiles
 e - 5 poisoned needles (quivered)
Armour
 a - a +0 robe (worn)
Scrolls
 c - a scroll of remove curse {unknown}
 d - 2 scrolls of identify {unknown}
 f - a scroll of fog {unknown}
Books
 b - a book of Necromancy

   Spells                             Type                      Level
   a - Pain                           Necromancy                   1
   b - Animate Skeleton               Necromancy                   1
   c - Vampiric Draining              Necromancy                   3
   d - Regeneration                   Charms/Necromancy            3
   e - Animate Dead                   Necromancy                   4
   f - Control Undead                 Necromancy                   4


   Skills:
 + Level 1.7 Dodging
 + Level 1.6 Stealth
 + Level 0.5 Unarmed Combat
 + Level 2.2 Spellcasting
 + Level 4.3 Necromancy


You had 3 spell levels left.
You knew the following spells:

 Your Spells              Type           Power        Failure   Level  Hunger
a - Pain                  Necr           ##..         4%          1    N/A
b - Animate Skeleton      Necr           N/A          4%          1    N/A

Dungeon Overview and Level Annotations

Branches:
Dungeon (1/15)

Altars:


Innate Abilities, Weirdness & Mutations

You do not eat or drink.
Your flesh is vulnerable to fire.
You are immune to poison.
Your flesh is cold resistant. (rC+)
You are immune to negative energy. (rN+++)
You are immune to unholy pain and torment.
You can survive without breathing.


Message History

You barely miss the jackal. The jackal bites your rat skeleton.
Your rat skeleton closely misses the jackal.
The jackal bites you but does no damage.
The jackal bites your rat skeleton.
You closely miss the jackal. The jackal closely misses you.
The jackal bites your rat skeleton.
Your rat skeleton is destroyed!
Your frilled lizard skeleton barely misses the jackal.
You completely miss the jackal. The jackal bites you.
Your frilled lizard skeleton closely misses the jackal.
The jackal bites you. x2
* * * LOW HITPOINT WARNING * * *
Your frilled lizard skeleton barely misses the jackal.
You are too injured to fight recklessly!
You barely miss the jackal. The jackal bites you.
* * * LOW HITPOINT WARNING * * *
The jackal bites you.
* * * LOW HITPOINT WARNING * * *
You closely miss the jackal. The jackal bites you.
You die...

# ..... #### .#.... #+###...
...... +.'..... #....###
###'###... .#......####
####.....####
....#......#####...........#
#.....Zh......##.........
#..#...h@....##..#.....#.
#....###..###.###..### #
.########%######.## ### #.####
##.............##..# #.##.#
##..###.....#.....## #....# #
.........##..#### ####)# #
.............# ##.## #
#.#####.###.###############...#
# #.# #.# #..............#.....


You could see 2 jackals and a friendly frilled lizard skeleton.

Vanquished Creatures
  A dart slug (D:1)
  2 giant cockroaches (D:1)
  2 goblins (D:1)
  A hobgoblin (D:1)
  A jackal (D:1)
  2 bats (D:1)
  A frilled lizard (D:1)
  2 kobolds (D:1)
  6 rats (D:1)
18 creatures vanquished.

Vanquished Creatures (collateral kills)
  A bat (D:1)
  A giant cockroach (D:1)
  A goblin (D:1)
3 creatures vanquished.

Grand Total: 21 creatures vanquished

Notes
Turn   | Place    | Note
-------+----------+-------------------------------------------
     0 | D:1      | galech the Mummy Necromancer began the quest for the Orb.
     0 | D:1      | Reached XP level 1. HP: 13/13 MP: 3/3
    28 | D:1      | Learned a level 1 spell: Animate Skeleton
   738 | D:1      | Reached XP level 2. HP: 5/19 MP: 5/5
  1324 | D:1      | Slain by a jackal

Action                   || total
-------------------------++-------
Melee: Unarmed           ||   129
 Cast: Animate Skeleton  ||    10
 Stab: Distracted        ||     4
       Sleeping          ||     4
Armor: Robe              ||    30
Dodge: Dodged            ||    77
